[ PARTIDA AOE2 · #473349874 ]
UnrankedBereberes vs Turks
Equipo del jugador · DERR
Equipo rival · VICT
[ ANÁLISIS DE REPETICIÓN · EXTRAÍDO DE LA PARTIDA GRABADA ]
Feudal
8:51
Castillos
21:52
Imperial
40:03
| APM promedio | 53.6 |
| APM pico | 88 |
| eAPM promedio | 24.8 |
| Aldeanos / militares | 156 / 83 |
Foco
⚔️ 34.8% · 🌾 65.2%
Camel Scout ×43 · Camel Archer ×22 · Spearman ×12 · Scout Cavalry ×6
Feudal
8:26
Castillos
20:48
Imperial
36:02
| APM promedio | 60.8 |
| APM pico | 115 |
| eAPM promedio | 21.1 |
| Aldeanos / militares | 129 / 62 |
Foco
⚔️ 27.0% · 🌾 73.0%
Camel Scout ×39 · Monk ×7 · Scout Cavalry ×7 · Spearman ×4 · Trebuchet (Packed) ×3 · Bombard Cannon ×2
Mapa de la partida
Recursos iniciales + cada clic de construcción. Líneas = muros · curvas = relieve. ◆ oro · ⬟ piedra · ● bayas · ✦ reliquia · ◌ hueco del cierre
Tu base· Abierta — hueco de 4t
Base de VLC | GCuello· Abierta — hueco de 1t
Terreno inicial suavizado · ◌ = hueco del cierre detectado · pasá el cursor para detalles
Inputs por minuto
— CQ.Revenge - - VLC | GCuello
Build order — CQ.Revenge
Primeras 150 de 421 acciones detectadas
| 0:00 | Crear | Villager (Male) |
| 0:00 | Crear | Villager (Male) |
| 0:01 | Crear | Villager (Male) |
| 0:01 | Crear | Villager (Male) |
| 0:02 | Construir | House |
| 0:03 | Construir | House |
| 1:26 | Crear | Villager (Male) |
| 1:26 | Crear | Villager (Male) |
| 1:47 | Crear | Villager (Male) |
| 1:48 | Crear | Villager (Male) |
| 2:10 | Construir | Mill |
| 2:17 | Crear | Villager (Male) |
| 2:17 | Crear | Villager (Male) |
| 2:38 | Construir | House |
| 2:44 | Crear | Villager (Male) |
| 2:45 | Crear | Villager (Male) |
| 3:36 | Crear | Villager (Male) |
| 3:43 | Crear | Villager (Male) |
| 3:43 | Crear | Villager (Male) |
| 3:45 | Crear | Villager (Male) |
| 3:45 | Crear | Villager (Male) |
| 4:23 | Crear | Villager (Male) |
| 4:24 | Crear | Villager (Male) |
| 4:35 | Crear | Villager (Male) |
| 4:35 | Crear | Villager (Male) |
| 5:49 | Crear | Villager (Male) |
| 6:05 | Investigar | Loom |
| 6:07 | Construir | Lumber Camp |
| 6:41 | Investigar | Feudal Age |
| 6:41 | Investigar | Feudal Age |
| 7:48 | Construir | Barracks |
| 8:04 | Construir | House |
| 8:36 | Crear | Villager (Male) |
| 8:51 | Edad | Edad Feudal |
| 8:55 | Construir | Stable |
| 9:03 | Crear | Villager (Male) |
| 9:06 | Investigar | Double-Bit Axe |
| 9:20 | Crear | Villager (Male) |
| 9:33 | Crear | Villager (Male) |
| 9:34 | Crear | Scout Cavalry |
| 9:34 | Crear | Scout Cavalry |
| 9:37 | Crear | Spearman |
| 9:54 | Construir | Farm |
| 10:00 | Construir | Mill |
| 10:16 | Construir | House |
| 10:37 | Crear | Villager (Male) |
| 10:47 | Construir | Farm |
| 10:51 | Crear | Scout Cavalry |
| 10:51 | Crear | Villager (Male) |
| 11:08 | Construir | Lumber Camp |
| 11:11 | Crear | Scout Cavalry |
| 11:14 | Crear | Villager (Male) |
| 11:31 | Construir | Farm |
| 11:49 | Crear | Villager (Male) |
| 11:50 | Construir | House |
| 11:51 | Construir | House |
| 12:01 | Construir | Farm |
| 12:04 | Construir | House |
| 12:35 | Crear | Scout Cavalry |
| 12:37 | Construir | House |
| 12:48 | Construir | Farm |
| 12:50 | Construir | House |
| 13:00 | Crear | Scout Cavalry |
| 13:08 | Construir | Farm |
| 13:08 | Construir | Farm |
| 13:17 | Construir | Palisade Wall |
| 13:18 | Construir | Palisade Wall |
| 13:19 | Construir | Palisade Wall |
| 13:23 | Crear | Villager (Male) |
| 13:25 | Construir | Farm |
| 13:33 | Construir | Palisade Wall |
| 13:37 | Construir | Palisade Wall |
| 13:41 | Construir | Farm |
| 13:42 | Crear | Villager (Male) |
| 13:43 | Crear | Villager (Male) |
| 13:53 | Construir | Farm |
| 13:53 | Crear | Spearman |
| 13:53 | Crear | Spearman |
| 14:04 | Crear | Villager (Male) |
| 14:13 | Construir | Farm |
| 14:15 | Crear | Spearman |
| 14:31 | Crear | Villager (Male) |
| 14:34 | Construir | Farm |
| 14:34 | Crear | Villager (Male) |
| 14:35 | Crear | Villager (Male) |
| 14:45 | Construir | House |
| 14:51 | Construir | Farm |
| 14:56 | Crear | Spearman |
| 15:07 | Construir | Farm |
| 15:11 | Crear | Villager (Male) |
| 15:14 | Construir | Farm |
| 15:18 | Crear | Spearman |
| 15:37 | Construir | Outpost |
| 15:59 | Construir | House |
| 16:03 | Crear | Villager (Male) |
| 16:05 | Construir | Farm |
| 16:06 | Crear | Spearman |
| 16:20 | Crear | Villager (Male) |
| 16:38 | Construir | Market |
| 16:51 | Construir | House |
| 17:05 | Crear | Villager (Male) |
| 17:05 | Crear | Villager (Male) |
| 17:07 | Construir | Mining Camp |
| 17:30 | Construir | House |
| 17:33 | Construir | Palisade Wall |
| 17:36 | Construir | Palisade Wall |
| 17:37 | Construir | Palisade Wall |
| 17:38 | Construir | Palisade Wall |
| 17:43 | Crear | Spearman |
| 17:47 | Crear | Villager (Male) |
| 17:54 | Crear | Villager (Male) |
| 18:25 | Crear | Villager (Male) |
| 18:56 | Construir | Mining Camp |
| 19:04 | Construir | House |
| 19:12 | Investigar | Castle Age |
| 19:13 | Investigar | Castle Age |
| 19:45 | Construir | House |
| 19:47 | Construir | Palisade Wall |
| 20:04 | Construir | House |
| 20:06 | Construir | Palisade Wall |
| 20:07 | Construir | House |
| 20:14 | Construir | Palisade Wall |
| 20:21 | Crear | Spearman |
| 20:27 | Construir | Blacksmith |
| 20:43 | Investigar | Bloodlines |
| 20:43 | Investigar | Bloodlines |
| 20:46 | Investigar | Horse Collar |
| 20:46 | Investigar | Horse Collar |
| 21:21 | Construir | Stable |
| 21:41 | Crear | Villager (Male) |
| 21:52 | Edad | Edad de los Castillos |
| 21:55 | Construir | Town Center |
| 22:07 | Investigar | Light Cavalry (upgrade) |
| 22:08 | Crear | Camel Scout |
| 22:08 | Crear | Camel Scout |
| 22:08 | Crear | Camel Scout |
| 22:13 | Crear | Villager (Male) |
| 22:15 | Construir | Palisade Wall |
| 22:17 | Construir | Palisade Wall |
| 22:19 | Construir | Palisade Wall |
| 22:26 | Construir | Farm |
| 22:27 | Construir | Farm |
| 22:29 | Crear | Camel Scout |
| 22:29 | Crear | Camel Scout |
| 22:44 | Construir | Town Center |
| 22:47 | Crear | Villager (Male) |
| 22:52 | Construir | House |
| 23:00 | Crear | Villager (Male) |
| 23:00 | Crear | Villager (Male) |
| 23:16 | Crear | Camel Scout |
Build order — VLC | GCuello
Primeras 150 de 327 acciones detectadas
| 0:00 | Crear | Villager (Male) |
| 0:00 | Crear | Villager (Male) |
| 0:01 | Crear | Villager (Male) |
| 0:02 | Construir | House |
| 0:04 | Construir | House |
| 0:07 | Crear | Villager (Male) |
| 1:24 | Crear | Villager (Male) |
| 1:50 | Construir | Lumber Camp |
| 1:59 | Crear | Villager (Male) |
| 2:18 | Crear | Villager (Male) |
| 2:52 | Crear | Villager (Male) |
| 3:08 | Construir | House |
| 3:14 | Crear | Villager (Male) |
| 3:14 | Crear | Villager (Male) |
| 3:32 | Crear | Villager (Male) |
| 3:32 | Crear | Villager (Male) |
| 3:55 | Construir | Mill |
| 4:05 | Crear | Villager (Male) |
| 4:06 | Crear | Villager (Male) |
| 4:06 | Crear | Villager (Male) |
| 4:57 | Crear | Villager (Male) |
| 5:18 | Crear | Villager (Male) |
| 5:19 | Investigar | Loom |
| 6:16 | Investigar | Feudal Age |
| 7:33 | Construir | Barracks |
| 7:35 | Construir | House |
| 8:22 | Crear | Villager (Male) |
| 8:26 | Edad | Edad Feudal |
| 8:31 | Investigar | Double-Bit Axe |
| 8:31 | Investigar | Double-Bit Axe |
| 8:39 | Crear | Villager (Male) |
| 8:45 | Construir | Palisade Wall |
| 8:46 | Construir | Palisade Wall |
| 8:53 | Construir | Watch Tower |
| 8:54 | Crear | Villager (Male) |
| 9:03 | Construir | Mill |
| 9:04 | Crear | Villager (Male) |
| 9:38 | Construir | Stable |
| 9:40 | Crear | Villager (Male) |
| 9:54 | Construir | House |
| 9:59 | Crear | Spearman |
| 10:04 | Construir | House |
| 10:07 | Crear | Villager (Male) |
| 10:12 | Construir | Palisade Wall |
| 10:13 | Construir | Palisade Wall |
| 10:13 | Construir | Palisade Wall |
| 10:14 | Crear | Villager (Male) |
| 10:32 | Crear | Villager (Male) |
| 10:42 | Investigar | Horse Collar |
| 11:12 | Construir | Farm |
| 11:14 | Construir | Farm |
| 11:25 | Construir | Farm |
| 11:28 | Crear | Scout Cavalry |
| 11:36 | Construir | Palisade Wall |
| 11:37 | Construir | Palisade Wall |
| 11:38 | Construir | Palisade Wall |
| 11:48 | Crear | Villager (Male) |
| 11:55 | Crear | Spearman |
| 11:59 | Construir | Farm |
| 12:02 | Construir | Farm |
| 12:10 | Crear | Villager (Male) |
| 12:18 | Crear | Villager (Male) |
| 12:24 | Construir | Palisade Wall |
| 12:34 | Crear | Villager (Male) |
| 12:40 | Construir | House |
| 12:46 | Crear | Spearman |
| 12:51 | Construir | House |
| 12:57 | Construir | House |
| 13:05 | Construir | Palisade Wall |
| 13:20 | Construir | Palisade Gate |
| 13:27 | Crear | Villager (Male) |
| 13:39 | Construir | Palisade Wall |
| 13:45 | Construir | Palisade Wall |
| 13:47 | Crear | Villager (Male) |
| 13:50 | Construir | Mining Camp |
| 14:03 | Crear | Villager (Male) |
| 14:05 | Construir | Farm |
| 14:13 | Crear | Scout Cavalry |
| 14:31 | Crear | Villager (Male) |
| 14:34 | Construir | Farm |
| 14:35 | Construir | Farm |
| 14:36 | Construir | Farm |
| 14:50 | Crear | Villager (Male) |
| 14:53 | Construir | Farm |
| 15:06 | Construir | Market |
| 15:08 | Crear | Villager (Male) |
| 15:18 | Construir | House |
| 15:21 | Construir | House |
| 15:28 | Crear | Spearman |
| 15:30 | Crear | Scout Cavalry |
| 15:40 | Construir | Farm |
| 15:55 | Construir | House |
| 15:56 | Crear | Villager (Male) |
| 16:01 | Construir | Farm |
| 16:04 | Crear | Villager (Male) |
| 16:16 | Crear | Villager (Male) |
| 16:26 | Crear | Villager (Male) |
| 16:35 | Construir | Farm |
| 16:47 | Construir | Farm |
| 16:54 | Crear | Villager (Male) |
| 17:08 | Crear | Villager (Male) |
| 18:08 | Investigar | Castle Age |
| 18:40 | Investigar | Gold Mining |
| 18:54 | Construir | Stable |
| 19:18 | Construir | Blacksmith |
| 20:05 | Investigar | Scale Barding Armor |
| 20:12 | Construir | House |
| 20:30 | Investigar | Wheelbarrow |
| 20:36 | Investigar | Bloodlines |
| 20:48 | Edad | Edad de los Castillos |
| 20:51 | Crear | Camel Scout |
| 20:52 | Crear | Camel Scout |
| 21:02 | Construir | Monastery |
| 21:10 | Crear | Villager (Male) |
| 21:34 | Crear | Camel Scout |
| 21:34 | Crear | Camel Scout |
| 21:35 | Crear | Villager (Male) |
| 21:41 | Investigar | Husbandry |
| 22:12 | Crear | Camel Scout |
| 22:12 | Crear | Camel Scout |
| 22:16 | Construir | Town Center |
| 22:23 | Crear | Monk |
| 22:26 | Crear | Villager (Male) |
| 22:47 | Crear | Scout Cavalry |
| 22:47 | Crear | Scout Cavalry |
| 23:15 | Crear | Villager (Male) |
| 23:18 | Crear | Villager (Male) |
| 23:32 | Crear | Camel Scout |
| 23:32 | Crear | Camel Scout |
| 23:34 | Construir | Farm |
| 23:35 | Construir | Farm |
| 23:35 | Construir | Farm |
| 23:35 | Construir | Farm |
| 23:35 | Construir | Farm |
| 23:58 | Crear | Villager (Male) |
| 23:59 | Crear | Villager (Male) |
| 24:06 | Crear | Monk |
| 24:11 | Crear | Villager (Male) |
| 24:11 | Crear | Villager (Male) |
| 24:37 | Crear | Villager (Male) |
| 24:37 | Crear | Villager (Male) |
| 24:37 | Crear | Villager (Male) |
| 24:45 | Crear | Monk |
| 24:54 | Crear | Villager (Male) |
| 24:54 | Crear | Villager (Male) |
| 24:57 | Construir | House |
| 24:57 | Construir | House |
| 24:59 | Construir | House |
| 25:05 | Crear | Camel Scout |
| 25:15 | Crear | Villager (Male) |
Cronología de la partida
| 7:33 | VLC | GCuello · first_building Barracks |
| 7:48 | CQ.Revenge · first_building Barracks |
| 8:26 | VLC | GCuello · age_up feudal |
| 8:45 | VLC | GCuello · wall_segment Palisade Wall x1 |
| 8:46 | VLC | GCuello · wall_segment Palisade Wall x1 |
| 8:51 | CQ.Revenge · age_up feudal |
| 8:55 | CQ.Revenge · first_building Stable |
| 9:38 | VLC | GCuello · first_building Stable |
| 10:12 | VLC | GCuello · wall_segment Palisade Wall x1 |
| 10:13 | VLC | GCuello · wall_segment Palisade Wall x1 |
| 10:13 | VLC | GCuello · wall_segment Palisade Wall x1 |
| 11:36 | VLC | GCuello · wall_segment Palisade Wall x1 |
| 11:37 | VLC | GCuello · wall_segment Palisade Wall x1 |
| 11:38 | VLC | GCuello · wall_segment Palisade Wall x1 |
| 12:24 | VLC | GCuello · wall_segment Palisade Wall x11 |
| 13:05 | VLC | GCuello · wall_segment Palisade Wall x12 |
| 13:17 | CQ.Revenge · wall_segment Palisade Wall x6 |
| 13:18 | CQ.Revenge · wall_segment Palisade Wall x1 |
| 13:19 | CQ.Revenge · wall_segment Palisade Wall x1 |
| 13:33 | CQ.Revenge · wall_segment Palisade Wall x1 |
| 13:37 | CQ.Revenge · wall_segment Palisade Wall x11 |
| 13:39 | VLC | GCuello · wall_segment Palisade Wall x1 |
| 13:45 | VLC | GCuello · wall_segment Palisade Wall x7 |
| 16:13 | VLC | GCuello · first_market_sell 100 wood |
| 17:16 | VLC | GCuello · first_market_buy 100 food |
| 17:33 | CQ.Revenge · wall_segment Palisade Wall x1 |
| 17:36 | CQ.Revenge · wall_segment Palisade Wall x1 |
| 17:37 | CQ.Revenge · wall_segment Palisade Wall x1 |
| 17:38 | CQ.Revenge · wall_segment Palisade Wall x1 |
| 19:06 | CQ.Revenge · first_market_sell 500 wood |
| 19:07 | CQ.Revenge · first_market_buy 100 food |
| 19:47 | CQ.Revenge · wall_segment Palisade Wall x1 |
| 20:06 | CQ.Revenge · wall_segment Palisade Wall x1 |
| 20:14 | CQ.Revenge · wall_segment Palisade Wall x1 |
| 20:48 | VLC | GCuello · age_up castle |
| 21:02 | VLC | GCuello · first_building Monastery |
| 21:52 | CQ.Revenge · age_up castle |
| 22:15 | CQ.Revenge · wall_segment Palisade Wall x1 |
| 22:17 | CQ.Revenge · wall_segment Palisade Wall x1 |
| 22:19 | CQ.Revenge · wall_segment Palisade Wall x1 |
| 30:05 | CQ.Revenge · first_building Castle |
| 32:06 | VLC | GCuello · first_building Castle |
| 35:28 | VLC | GCuello · first_building Siege Workshop |
| 36:02 | VLC | GCuello · age_up imperial |
| 40:03 | CQ.Revenge · age_up imperial |
| 40:51 | CQ.Revenge · resign |
[ ANÁLISIS IA · 1 CRÉDITO ]
¿Qué pasó realmente en esta partida?
Wolo.gg analiza cada decisión: build order, eco, micro, errores típicos por bracket. Análisis personalizado por WhatsApp o Discord en 30 segundos.
Guía civ
Bereberes
Perfil
Jugador #646085